General information
- name: BNet
- type: Ladder team game (AT/RT)
- host: Battle.net
- saver: Liko
map: Cherryville
- players: 8
- length: 21:57
- speed: Fast
- version: 1.26 W3XP
- replay type: Public
» download(162 KB)
Players
team 1 (winner)
Liko (
red | 89 APM | 1946 actions | 21:57)
4 Death Knight
2 Death Coil
2 Unholy Aura
3 Dark Ranger
2 Silence
1 Black Arrow
3 Pit Lord
2 Howl of Terror
1 Cleaving Attack
» actions
| Assign group hotkey | 81 | |
| Basic commands | 115 | |
| Build / train | 85 | |
| ESC pressed | 1 | |
| Enter build submenu | 20 | |
| Enter hero's abilities submenu | 10 | |
| Give item / drop item | 8 | |
| Right click | 574 | |
| Select / deselect | 420 | |
| Select group hotkey | 522 | |
| Use ability | 110 | |
1946 total
» units
| Acolyte | 11 | |
| Ghoul | 3 | |
| Crypt Fiend | 10 | |
24 total
» upgrades
| Web | 1 | |
| Burrow | 1 | |
| Creature Carapace | 3 | |
| Creature Attack | 1 | |
6 total
» buildings
| Graveyard | 1 | |
| Crypt | 2 | |
| Altar of Darkness | 1 | |
| Ziggurat | 6 | |
| Tomb of Relics | 2 | |
| Nerubian Tower | 5 | |
| Halls of the Dead | 1 | |
| Black Citadel | 1 | |
| Sacrificial Pit | 1 | |
20 total
» build order
00:10 Graveyard
00:23 Crypt
00:51 Altar of Darkness
01:06 Ziggurat
01:42 Tomb of Relics
02:23 Ziggurat
03:23 Nerubian Tower
04:57 Halls of the Dead
07:18 Black Citadel
08:13 Tomb of Relics
08:17 Ziggurat
08:22 Sacrificial Pit
08:56 Ziggurat
08:59 Ziggurat
11:38 Crypt
12:00 Ziggurat
13:26 Nerubian Tower
13:26 Nerubian Tower
13:57 Nerubian Tower
» items
| Rod of Necromancy | 3 | |
| Sacrificial Skull | 4 | |
| Dust of Appearance | 1 | |
| Orb of Corruption | 2 | |
| Potion of Mana | 2 | |
| Potion of Healing | 4 | |
| Scroll of Healing | 3 | |
| Boots of Speed | 1 | |
| Potion of Lesser Invulnerability | 2 | |
| Scroll of Town Portal | 1 | |
| Scroll of Protection | 1 | |
24 total

»
SwollenRectum (
purple | 106 APM | 2315 actions | 21:56)
6 Death Knight
3 Death Coil
2 Unholy Aura
1 Animate Dead
3 Lich
2 Frost Nova
1 Frost Armor
3 Crypt Lord
2 Impale
1 Spiked Carapace
» actions
| Assign group hotkey | 141 | |
| Basic commands | 61 | |
| Build / train | 97 | |
| Enter build submenu | 20 | |
| Enter hero's abilities submenu | 12 | |
| Give item / drop item | 9 | |
| Remove unit from queue | 8 | |
| Right click | 836 | |
| Select / deselect | 284 | |
| Select group hotkey | 728 | |
| Use ability | 119 | |
2315 total
» units
| Acolyte | 9 | |
| Ghoul | 2 | |
| Crypt Fiend | 8 | |
| Goblin Shredder | 1 | |
| Frost Wyrm | 3 | |
| Gargoyle | 4 | |
27 total
» upgrades
| Creature Attack | 3 | |
| Creature Carapace | 3 | |
| Web | 1 | |
| Freezing Breath | 1 | |
| Burrow | 0 | |
8 total
» buildings
| Graveyard | 1 | |
| Crypt | 3 | |
| Altar of Darkness | 1 | |
| Ziggurat | 11 | |
| Tomb of Relics | 2 | |
| Nerubian Tower | 4 | |
| Halls of the Dead | 2 | |
| Spirit Tower | 3 | |
| Necropolis | 1 | |
| Black Citadel | 2 | |
| Sacrificial Pit | 1 | |
| Boneyard | 3 | |
34 total
» build order
00:08 Graveyard
00:12 Crypt
00:41 Altar of Darkness
00:58 Ziggurat
01:24 Tomb of Relics
02:02 Ziggurat
03:44 Ziggurat
03:52 Nerubian Tower
04:41 Nerubian Tower
04:42 Nerubian Tower
05:07 Ziggurat
05:29 Halls of the Dead
05:29 Halls of the Dead
06:07 Spirit Tower
06:10 Ziggurat
06:21 Spirit Tower
06:22 Ziggurat
06:43 Necropolis
07:52 Black Citadel
07:52 Black Citadel
08:49 Spirit Tower
09:05 Sacrificial Pit
09:35 Tomb of Relics
09:37 Ziggurat
10:03 Ziggurat
10:05 Ziggurat
10:30 Boneyard
10:31 Boneyard
10:31 Boneyard
15:54 Crypt
15:54 Crypt
21:14 Ziggurat
21:14 Ziggurat
» items
| Rod of Necromancy | 3 | |
| Sacrificial Skull | 1 | |
| Dust of Appearance | 2 | |
| Potion of Lesser Invulnerability | 2 | |
| Scroll of Town Portal | 4 | |
| Potion of Healing | 2 | |
| Potion of Mana | 1 | |
| Orb of Corruption | 1 | |
| Scroll of Healing | 4 | |
20 total

»
Glourt (
orange | 40 APM | 867 actions | 21:56)
5 Dreadlord
3 Vampiric Aura
2 Carrion Swarm
» actions
| Assign group hotkey | 6 | |
| Basic commands | 66 | |
| Build / train | 66 | |
| Enter build submenu | 14 | |
| Enter hero's abilities submenu | 5 | |
| Right click | 336 | |
| Select / deselect | 324 | |
| Select group hotkey | 7 | |
| Use ability | 43 | |
867 total
» units
| Acolyte | 7 | |
| Ghoul | 5 | |
| Necromancer | 10 | |
| Meatwagon | 6 | |
| Gargoyle | 8 | |
36 total
» upgrades
| Unholy Armor | 3 | |
| Unholy Strength | 3 | |
| Skeletal Longevity | 1 | |
| Necromancer Training | 2 | |
| Exhume Corpses | 1 | |
| Creature Attack | 2 | |
| Creature Carapace | 2 | |
| Skeletal Mastery | 1 | |
| Disease Cloud | 1 | |
16 total
» buildings
| Ziggurat | 6 | |
| Altar of Darkness | 1 | |
| Crypt | 1 | |
| Graveyard | 1 | |
| Tomb of Relics | 1 | |
| Spirit Tower | 2 | |
| Nerubian Tower | 1 | |
| Halls of the Dead | 1 | |
| Temple of the Damned | 2 | |
| Slaughterhouse | 1 | |
| Black Citadel | 1 | |
18 total
» build order
00:26 Ziggurat
00:30 Altar of Darkness
00:37 Crypt
01:17 Graveyard
02:05 Ziggurat
02:41 Tomb of Relics
03:19 Spirit Tower
03:23 Nerubian Tower
03:45 Halls of the Dead
04:30 Ziggurat
04:33 Ziggurat
05:48 Spirit Tower
06:38 Temple of the Damned
06:39 Temple of the Damned
08:21 Slaughterhouse
10:48 Black Citadel
12:44 Ziggurat
12:46 Ziggurat
» items
| Rod of Necromancy | 1 | |
| Dust of Appearance | 1 | |
| Scroll of Town Portal | 1 | |
3 total

»
Hitl3rsMustache (
pink | 60 APM | 1322 actions | 21:56)
6 Priestess of the Moon
2 Searing Arrows
3 Trueshot Aura
1 Starfall
» actions
| Assign group hotkey | 42 | |
| Basic commands | 1 | |
| Build / train | 78 | |
| Enter build submenu | 22 | |
| Enter hero's abilities submenu | 6 | |
| Give item / drop item | 1 | |
| Remove unit from queue | 1 | |
| Right click | 846 | |
| Select / deselect | 212 | |
| Select group hotkey | 82 | |
| Use ability | 31 | |
1322 total
» units
| Wisp | 24 | |
| Archer | 10 | |
| Hippogryph | 14 | |
| Chimaera | 6 | |
54 total
» upgrades
| Strength of the Moon | 1 | |
| Strength of the Wild | 3 | |
| Reinforced Hides | 3 | |
| Ultravision | 1 | |
| Corrosive Breath | 1 | |
| Nature's Blessing | 1 | |
10 total
» buildings
| Altar of Elders | 1 | |
| Moon Well | 7 | |
| Ancient of War | 1 | |
| Ancient of Wonders | 1 | |
| Hunter's Hall | 1 | |
| Tree of Ages | 1 | |
| Ancient Protector | 4 | |
| Tree of Life | 1 | |
| Ancient of Wind | 1 | |
| Tree of Eternity | 1 | |
| Chimaera Roost | 3 | |
22 total
» build order
00:28 Altar of Elders
00:39 Moon Well
00:55 Ancient of War
01:46 Moon Well
02:10 Ancient of Wonders
02:25 Moon Well
03:00 Hunter's Hall
04:04 Tree of Ages
04:59 Ancient Protector
06:30 Tree of Life
06:41 Ancient of Wind
07:06 Tree of Eternity
09:35 Chimaera Roost
09:41 Chimaera Roost
10:20 Chimaera Roost
11:29 Ancient Protector
13:15 Moon Well
13:19 Moon Well
14:15 Moon Well
14:18 Moon Well
17:17 Ancient Protector
18:46 Ancient Protector
» items
| Dust of Appearance | 1 | |
| Scroll of Town Portal | 1 | |
| Potion of Healing | 1 | |
| Orb of Venom | 1 | |
4 total
team 2 (loser)
WVUMountaineer (
green | 47 APM | 1032 actions | 21:55)
8 Demon Hunter
3 Immolation
3 Evasion
1 Metamorphosis
1 Mana Burn
1 Blademaster
1 Mirror Image
» actions
| Assign group hotkey | 12 | |
| Build / train | 86 | |
| Enter build submenu | 19 | |
| Enter hero's abilities submenu | 10 | |
| Give item / drop item | 7 | |
| Right click | 370 | |
| Select / deselect | 323 | |
| Select group hotkey | 116 | |
| Use ability | 89 | |
1032 total
» units
| Wisp | 15 | |
| Archer | 3 | |
| Goblin Shredder | 4 | |
| Chimaera | 4 | |
| Hippogryph | 6 | |
| Troll Batrider | 5 | |
37 total
» upgrades
| Corrosive Breath | 1 | |
| Well Spring | 1 | |
| Strength of the Wild | 3 | |
| Nature's Blessing | 1 | |
| Liquid Fire | 1 | |
7 total
» buildings
| Altar of Elders | 1 | |
| Moon Well | 6 | |
| Ancient of War | 1 | |
| Ancient of Wonders | 1 | |
| Tree of Ages | 1 | |
| Tree of Life | 1 | |
| Tree of Eternity | 1 | |
| Ancient of Wind | 1 | |
| Chimaera Roost | 4 | |
| Hunter's Hall | 1 | |
| Orc Burrow | 3 | |
21 total
» build order
00:04 Altar of Elders
00:08 Moon Well
01:04 Ancient of War
01:17 Moon Well
01:35 Ancient of Wonders
01:59 Moon Well
02:52 Tree of Ages
04:02 Tree of Life
04:49 Moon Well
05:15 Tree of Eternity
05:55 Ancient of Wind
07:47 Chimaera Roost
07:56 Chimaera Roost
08:00 Chimaera Roost
08:04 Chimaera Roost
09:31 Hunter's Hall
09:36 Moon Well
09:38 Moon Well
19:32 Orc Burrow
21:04 Orc Burrow
21:07 Orc Burrow
» items
| Lesser Clarity Potion | 6 | |
| Potion of Healing | 7 | |
| Scroll of Town Portal | 4 | |
| Orb of Venom | 2 | |
| Moonstone | 1 | |
| Healing Salve | 3 | |
| Scroll of Speed | 1 | |
| Anti-magic Potion | 1 | |
| Orb of Lightning | 1 | |
26 total

»
Inspiring (
yellow | 73 APM | 1274 actions | 17:30)
3 Blademaster
2 Wind Walk
1 Critical Strike
2 Tauren Chieftain
1 War Stomp
1 Endurance Aura
1 Shadow Hunter
1 Hex
» actions
| Assign group hotkey | 18 | |
| Basic commands | 224 | |
| Build / train | 83 | |
| ESC pressed | 3 | |
| Enter build submenu | 15 | |
| Enter hero's abilities submenu | 6 | |
| Remove unit from queue | 1 | |
| Right click | 302 | |
| Select / deselect | 345 | |
| Select group hotkey | 204 | |
| Use ability | 73 | |
1274 total
» units
| Peon | 17 | |
| Wind Rider | 12 | |
| Shaman | 2 | |
| Kodo Beast | 1 | |
32 total
» upgrades
| Shaman Training | 2 | |
| Envenomed Spears | 1 | |
| Ranged Weapons | 2 | |
| War Drums Damage Increase | 1 | |
| Spirit Walker Training | 1 | |
| Armor | 1 | |
8 total
» buildings
| Altar of Storms | 1 | |
| Orc Burrow | 5 | |
| Stronghold | 3 | |
| Voodoo Lounge | 1 | |
| War Mill | 1 | |
| Beastiary | 2 | |
| Spirit Lodge | 1 | |
| Fortress | 1 | |
| Great Hall | 2 | |
| Barracks | 1 | |
18 total
» build order
00:14 Altar of Storms
00:20 Orc Burrow
01:36 Stronghold
01:36 Stronghold
01:49 Orc Burrow
01:55 Voodoo Lounge
02:07 War Mill
02:25 Orc Burrow
03:20 Orc Burrow
04:26 Beastiary
04:37 Beastiary
05:18 Spirit Lodge
05:39 Fortress
07:51 Great Hall
09:34 Orc Burrow
11:45 Great Hall
15:54 Barracks
» items
| Lesser Clarity Potion | 1 | |
| Scroll of Speed | 2 | |
| Healing Salve | 3 | |
| Orb of Lightning | 1 | |
| Scroll of Town Portal | 3 | |
| Potion of Healing | 2 | |
12 total

»
CrakoziO (
blue | 59 APM | 1070 actions | 18:04)
3 Demon Hunter
1 Mana Burn
2 Evasion
» actions
| Assign group hotkey | 29 | |
| Basic commands | 116 | |
| Build / train | 61 | |
| Enter build submenu | 14 | |
| Enter hero's abilities submenu | 3 | |
| Give item / drop item | 2 | |
| Right click | 263 | |
| Select / deselect | 155 | |
| Select group hotkey | 374 | |
| Use ability | 53 | |
1070 total
» units
| Wisp | 22 | |
| Chimaera | 9 | |
| Hippogryph | 4 | |
35 total
» upgrades
| Strength of the Wild | 2 | |
| Reinforced Hides | 3 | |
| Corrosive Breath | 1 | |
6 total
» buildings
| Altar of Elders | 1 | |
| Moon Well | 6 | |
| Tree of Ages | 5 | |
| Hunter's Hall | 1 | |
| Tree of Eternity | 1 | |
| Ancient of Wind | 2 | |
| Chimaera Roost | 2 | |
| Ancient Protector | 2 | |
20 total
» build order
00:07 Altar of Elders
00:19 Moon Well
02:02 Tree of Ages
02:02 Tree of Ages
02:02 Tree of Ages
02:03 Tree of Ages
03:07 Hunter's Hall
04:05 Moon Well
04:25 Tree of Eternity
04:31 Ancient of Wind
05:45 Moon Well
06:08 Moon Well
06:49 Chimaera Roost
06:50 Chimaera Roost
10:51 Moon Well
12:05 Moon Well
14:21 Ancient Protector
14:34 Ancient Protector
16:00 Ancient of Wind

»
HideTheTree (
teal | 49 APM | 863 actions | 17:38)
3 Blademaster
2 Wind Walk
1 Critical Strike
» actions
| Assign group hotkey | 56 | |
| Basic commands | 52 | |
| Build / train | 57 | |
| Enter build submenu | 21 | |
| Enter hero's abilities submenu | 3 | |
| Remove unit from queue | 1 | |
| Right click | 297 | |
| Select / deselect | 244 | |
| Select group hotkey | 32 | |
| Use ability | 100 | |
863 total
» units
| Peon | 17 | |
| Tauren | 6 | |
| Spirit Walker | 1 | |
| Shaman | 2 | |
| Troll Witch Doctor | 1 | |
27 total
» upgrades
| Armor | 2 | |
| Spiked Barricades | 1 | |
| Shaman Training | 2 | |
| Witch Doctor Training | 2 | |
| Pulverize | 1 | |
| Spirit Walker Training | 2 | |
10 total
» buildings
| Orc Burrow | 6 | |
| Altar of Storms | 1 | |
| Voodoo Lounge | 1 | |
| War Mill | 1 | |
| Stronghold | 1 | |
| Watch Tower | 6 | |
| Fortress | 1 | |
| Spirit Lodge | 2 | |
| Tauren Totem | 2 | |
21 total
» build order
00:14 Orc Burrow
00:35 Altar of Storms
00:52 Orc Burrow
01:37 Voodoo Lounge
01:48 War Mill
02:45 Stronghold
03:00 Orc Burrow
03:21 Watch Tower
04:25 Watch Tower
04:35 Watch Tower
04:39 Watch Tower
04:42 Watch Tower
05:28 Fortress
05:48 Watch Tower
06:11 Spirit Lodge
07:56 Tauren Totem
08:02 Tauren Totem
08:18 Spirit Lodge
09:25 Orc Burrow
13:21 Orc Burrow
17:03 Orc Burrow
» items
| Healing Salve | 4 | |
| Lesser Clarity Potion | 1 | |
| Orb of Lightning | 1 | |
| Potion of Healing | 2 | |
| Tiny Great Hall | 1 | |
| Scroll of Town Portal | 4 | |
13 total
Chat log
(00:09 / Allies) Hitl3rsMustache: plan?
(00:12 / Allies) Glourt: rush
(00:20 / Allies) Hitl3rsMustache: hunts drayds bears
(00:23 / Allies) SwollenRectum: thats fail on this map
(00:33 / Allies) Hitl3rsMustache: ok arch hippos chims
(01:05 / Allies) Glourt: necs
(01:18 / All) Inspiring: gl
(01:26 / All) SwollenRectum: gl hf
(01:32 / Allies) Hitl3rsMustache: potm
(02:26 / Allies) Glourt: what units red and purp?
(02:32 / Allies) SwollenRectum: fiends
(02:37 / Allies) SwollenRectum: probably frost after
(03:56 / Allies) SwollenRectum: omw
(03:57 / Allies) SwollenRectum: red
(04:18 / Allies) Glourt: gj
(04:29 / All) HideTheTree: damn yellow is terrible
(05:20 / Allies) Hitl3rsMustache: hit soon?
(08:34 / Allies) Glourt: chims coming
(09:31 / Allies) SwollenRectum: go red
(09:52 / Allies) Liko: ty
(09:55 / Allies) SwollenRectum: heal my dk
(10:28 / Allies) Hitl3rsMustache: someone getting fiends
(10:32 / Allies) Hitl3rsMustache: ?
(11:22 / Allies) SwollenRectum: b
(11:54 / Allies) Liko: ty
(12:05 / Allies) SwollenRectum: ah fuck
(12:06 / Allies) Hitl3rsMustache: wood
(12:13 / Allies) SwollenRectum: get hippos
(12:14 / Allies) SwollenRectum: plz
(12:27 / Allies) SwollenRectum: mass chims and wyvs
(12:28 / Allies) SwollenRectum: galore
(13:05 / Allies) Hitl3rsMustache: need mass aa
(13:11 / Allies) SwollenRectum: ya
(13:11 / Allies) SwollenRectum: from u
(13:21 / Allies) Hitl3rsMustache: ok
(14:22 / Allies) SwollenRectum: u got red?
(14:24 / Allies) Liko: ya
(14:25 / Allies) Liko: go
(14:25 / Allies) SwollenRectum: gonna fuck up teal
(14:35 / Allies) Hitl3rsMustache: omw
(15:04 / Allies) Liko: go
(15:22 / Allies) SwollenRectum: b
(15:42 / Allies) Hitl3rsMustache: mass hipps here
(15:47 / Allies) SwollenRectum: ty
(16:41 / Allies) Hitl3rsMustache: opmw
(17:30 / Allies) Glourt: Lets go pinkk
(17:30 / Allies) Hitl3rsMustache: kk
(17:40 / All) Hitl3rsMustache: gg
(19:56 / Allies) Hitl3rsMustache: tp to purp when they hit
(20:03 / All) SwollenRectum: challenge accepted
(20:38 / Allies) SwollenRectum: tping or no?
(20:41 / Allies) Hitl3rsMustache: yes tpo
(20:53 / Allies) SwollenRectum: do it now
(20:54 / Allies) SwollenRectum: plz
(20:57 / Allies) SwollenRectum: my main will die fast
(20:57 / Allies) Hitl3rsMustache: doint have one
(20:59 / Allies) Hitl3rsMustache: coming